Map: Ulrena

Players

Soundwave - Winner!

  • Race: Zerg Zerg

A.I. 1 (Very Hard)

  • Race: Protoss Protoss

VOD

Have the link to the VOD?

Description

Time

  • Played on: Nov. 17, 2015, 10:21 a.m.
  • Length: 20:52
Show
View Real Time Build Order
Export as new Build Order

Soundwave Zerg - Winner!

Build Orders: Hatch First, Lurkers 

Get SALT Encoding   

  12  0:01  Drone  
  13  0:09  Drone  
  14  0:24  Drone, Extractor  
  15  0:41  Hatchery  
  14  0:56  Spawning Pool  
  13  0:57  Drone  
  14  1:07  Extractor  
  14  1:09  Extractor  
  14  1:10  Drone  
  14  1:11  Drone  
  14  1:16  Overlord  
  16  1:32  Extractor  
  15  1:36  Drone  
  15  1:38  Drone  
  17  1:43  Queen  
  19  1:48  Drone  
  19  1:53  Queen  
  22  1:55  Drone  
  22  1:58  Drone  
  24  2:05  Overlord  
  24  2:19  Overlord  
  24  2:22  Drone x2  
  26  2:31  Zergling x4  
  26  2:33  Metabolic Boost  
  28  2:47  Drone x3  
  28  2:48  Drone  
  32  3:06  Drone x4  
  32  3:12  Drone x2  
  38  3:13  Drone x3  
  38  3:17  Queen  
  38  3:18  Extractor  
  42  3:23  Queen  
  44  3:32  Overlord x2  
  42  3:45  Roach Warren  
  42  3:48  Drone x2  
  43  3:52  Drone  
  43  3:55  Zergling x6  
  47  4:12  Zergling x2  
  47  4:13  Zergling x12  
  54  4:22  Drone  
  54  4:23  Evolution Chamber  
  54  4:24  Evolution Chamber  
  54  4:25  Drone  
  54  4:51  Drone x3, Extractor  
  54  4:52  Extractor  
  55  4:53  Drone x3  
  55  4:54  Overlord  
  55  4:55  Overlord  
  55  4:58  Lair  
  55  4:59  Zerg Melee Weapons Level 1  
  58  5:00  Zerg Ground Armor Level 1  
  58  5:13  Roach x5  
  58  5:14  Roach x3  
  74  5:23  Drone  
  74  5:26  Overlord  
  75  5:44  Hatchery  
  74  5:56  Roach  
  74  5:57  Roach x3  
  82  5:59  Overlord x4  
  82  6:13  Overseer  
  82  6:20  Roach x6  
  82  6:21  Roach x3  
  100  6:37  Hydralisk Den  
  99  6:42  Drone x3  
  99  6:43  Drone  
  99  6:44  Infestation Pit  
  96  7:27  Roach x5  
  96  7:28  Roach x6  
  96  7:29  Roach x2  
  109  7:46  Roach x3  
  109  7:47  Roach x4  
  111  8:02  Roach x5  
  118  8:40  Muscular Augments  
  118  8:41  Zerg Melee Weapons Level 2  
  118  8:42  Zerg Ground Armor Level 2, Extractor x2  
  118  8:44  Hive  
  116  8:50  Drone x2  
  116  8:51  Drone  
  116  8:52  Drone x2  
  116  8:53  Overlord  
  116  8:54  Overlord x5  
  121  8:57  Overseer  
  121  9:19  Hydralisk x2  
  121  9:20  Hydralisk x5  
  135  9:36  Zergling x6  
  135  9:37  Zergling x12  
  144  9:50  Zergling x6  
  144  9:51  Zergling x8  
  129  10:06  Hydralisk x4  
  137  10:24  Drone  
  137  10:25  Drone x4  
  137  10:27  Drone x2  
  144  10:30  Drone  
  144  10:33  Lurker Den  
  145  10:42  Ultralisk Cavern  
  144  11:00  Hatchery  
  143  11:13  Hydralisk x7  
  143  11:14  Hydralisk x2  
  161  11:21  Zerg Melee Weapons Level 3  
  161  11:29  Zerg Ground Armor Level 3  
  161  11:57  Chitinous Plating  
  161  12:00  Lurker x3  
  161  12:01  Lurker x6  
  167  12:04  Overlord x2  
  167  12:05  Overlord x2  
  167  12:07  Overseer  
  170  12:46  Queen  
  170  12:49  Ultralisk x4  
  170  12:51  Zergling x2  
  197  12:52  Zergling x2  
  197  12:53  Zergling x2  
  197  12:55  Zergling x2  
  196  13:38  Zergling x8  
  194  14:37  Ultralisk x2  
  194  14:41  Zergling x10  
  194  14:42  Zergling x14  
  194  14:43  Zergling x6  
  200  14:58  Zerg Missile Weapons Level 1  
  200  15:03  Adrenal Glands  
  200  15:38  Hatchery  
  199  16:03  Zergling x2  
  200  16:30  Extractor  
  200  16:31  Extractor  
  191  17:06  Ultralisk x2  
  193  17:09  Zergling x14  
  193  17:10  Zergling x8  
  193  17:11  Zergling x2  
  169  17:32  Ultralisk x5  
  169  17:33  Ultralisk, Zergling x4  
  169  17:34  Zergling x4  
  171  17:49  Hydralisk x6  
  171  17:50  Hydralisk x7  
  188  17:52  Zergling x2  
  188  17:58  Overlord  
  188  17:59  Overlord x7  
  188  18:00  Overlord x2  
  188  18:03  Overseer x2  
  185  18:10  Hydralisk x2  
  189  18:13  Zergling x2  
  190  18:28  Zergling x10  
  190  18:29  Zergling x10  
  200  19:11  Hatchery  
  200  19:12  Spine Crawler x2  
  200  19:14  Spine Crawler  
  200  19:17  Drone x5, Spine Crawler  
  199  20:21  Zergling x2  
Show
View Real Time Build Order
Export as new Build Order

A.I. 1 (Very Hard) Protoss 

Build Orders:  

Get SALT Encoding   

  12  0:01  Probe (Chrono Boost)  
  13  0:11  Probe (Chrono Boost)  
  14  0:20  Pylon  
  14  0:22  Probe (Chrono Boost)  
  15  0:38  Probe (Chrono Boost)  
  16  0:46  Assimilator  
  16  0:49  Probe (Chrono Boost)  
  17  0:50  Gateway  
  17  0:59  Probe (Chrono Boost), Pylon  
  18  1:10  Probe (Chrono Boost)  
  19  1:20  Probe (Chrono Boost)  
  20  1:31  Probe (Chrono Boost)  
  21  1:34  Zealot  
  21  1:38  Gateway  
  23  1:42  Cybernetics Core  
  23  1:43  Probe (Chrono Boost)  
  24  1:51  Pylon  
  25  1:54  Probe (Chrono Boost)  
  25  2:00  Zealot  
  25  2:05  Probe (Chrono Boost)  
  28  2:13  Warp Gate  
  28  2:17  Probe (Chrono Boost)  
  29  2:24  Adept  
  29  2:25  Adept  
  33  2:33  Gateway  
  33  2:43  Gateway  
  33  2:50  Adept  
  33  2:51  Adept  
  37  2:59  Pylon  
  37  3:02  Probe (Chrono Boost)  
  38  3:17  Adept x2  
  42  3:20  Adept  
  44  3:28  Adept  
  44  3:32  Pylon  
  46  3:40  Twilight Council  
  46  4:00  Pylon  
  46  4:32  Assimilator  
  46  4:39  Zealot  
  46  4:41  Templar Archives  
  48  4:50  Nexus  
  48  5:17  High Templar  
  50  5:42  High Templar  
  52  5:50  Stalker  
  54  6:01  Stalker  
  54  6:03  Probe (Chrono Boost)  
  58  6:04  Probe (Chrono Boost)  
  58  6:10  Stalker  
  60  6:13  Assimilator  
  60  6:15  Probe (Chrono Boost)  
  60  6:16  Probe (Chrono Boost), Assimilator  
  62  6:20  Stalker  
  64  6:27  Probe x2 (Chrono Boost)  
  66  6:38  Probe (Chrono Boost)  
  66  6:39  Sentry, Probe (Chrono Boost)  
  70  6:41  Pylon  
  70  6:45  Stalker  
  72  6:49  Probe (Chrono Boost)  
  72  6:51  Stalker, Probe (Chrono Boost)  
  76  6:55  Stalker  
  76  7:01  Stalker, Probe (Chrono Boost)  
  81  7:03  Probe (Chrono Boost)  
  81  7:04  Pylon  
  82  7:12  Probe (Chrono Boost)  
  82  7:13  Nexus, Robotics Facility  
  82  7:14  Probe (Chrono Boost)  
  84  7:21  Zealot  
  84  7:22  Zealot x2  
  84  7:23  Probe (Chrono Boost)  
  84  7:25  Pylon  
  84  7:26  Probe (Chrono Boost)  
  84  7:28  Sentry  
  80  7:34  Probe (Chrono Boost)  
  80  7:38  Probe (Chrono Boost)  
  80  7:41  Stalker, Sentry  
  78  7:45  Stalker  
  78  7:46  Probe (Chrono Boost)  
  78  7:49  Probe (Chrono Boost)  
  78  7:51  Adept  
  76  8:01  Observer  
  76  8:03  Adept  
  76  8:04  High Templar  
  71  8:06  Zealot  
  71  8:10  Stalker  
  73  8:22  Zealot  
  73  8:25  Zealot  
  73  8:26  Probe (Chrono Boost)  
  79  8:27  Probe (Chrono Boost)  
  79  8:30  Probe (Chrono Boost)  
  79  8:32  High Templar  
  79  8:33  Assimilator  
  82  8:34  Zealot  
  82  8:37  Probe (Chrono Boost)  
  82  8:39  Probe (Chrono Boost)  
  87  8:41  Probe (Chrono Boost), Zealot  
  87  8:44  Zealot  
  92  8:49  Probe (Chrono Boost)  
  92  8:51  Probe (Chrono Boost)  
  92  8:52  Probe (Chrono Boost)  
  92  8:53  High Templar, Archon  
  96  9:00  Probe (Chrono Boost), Zealot  
  96  9:02  Zealot  
  101  9:03  Zealot  
  101  9:05  Pylon  
  101  9:07  Probe (Chrono Boost)  
  101  9:09  Probe (Chrono Boost)  
  105  9:11  Probe (Chrono Boost)  
  106  9:19  Probe (Chrono Boost), High Templar  
  106  9:22  Zealot x2  
  106  9:23  Stalker, Probe (Chrono Boost)  
  117  9:24  Probe (Chrono Boost)  
  117  9:28  Pylon  
  117  9:30  Probe (Chrono Boost)  
  118  9:35  Probe x2 (Chrono Boost), Archon  
  120  9:41  Stalker, High Templar  
  120  9:43  Probe (Chrono Boost)  
  120  9:45  Stalker  
  121  9:46  Probe (Chrono Boost)  
  121  9:49  High Templar  
  121  9:51  Pylon  
  85  10:02  Probe (Chrono Boost), Adept  
  85  10:03  Observer  
  85  10:05  Probe (Chrono Boost)  
  85  10:06  Stalker, Archon  
  83  10:11  Zealot  
  74  10:15  Probe (Chrono Boost)  
  74  10:18  Probe (Chrono Boost)  
  74  10:19  High Templar  
  74  10:20  Zealot  
  68  10:26  Probe (Chrono Boost)  
  68  10:27  Adept  
  72  10:29  Sentry, Probe (Chrono Boost)  
  74  10:38  Probe (Chrono Boost)  
  74  10:40  High Templar  
  74  10:41  Probe (Chrono Boost)  
  78  10:46  Archon  
  78  10:47  Sentry  
  78  10:49  Nexus, High Templar  
  83  10:50  Stalker, Probe (Chrono Boost)  
  83  10:53  Probe (Chrono Boost)  
  86  10:57  Assimilator  
  86  11:01  Probe (Chrono Boost)  
  88  11:04  Probe (Chrono Boost)  
  88  11:09  Stalker  
  91  11:12  High Templar  
  91  11:13  Probe (Chrono Boost), Zealot  
  91  11:15  Probe (Chrono Boost)  
  96  11:19  Zealot  
  96  11:25  Probe (Chrono Boost)  
  99  11:27  Probe (Chrono Boost)  
  99  11:29  Archon  
  99  11:30  Zealot  
  99  11:32  High Templar  
  104  11:36  Pylon  
  104  11:37  Probe (Chrono Boost)  
  104  11:38  Probe (Chrono Boost), Zealot  
  108  11:42  Zealot  
  110  11:49  Probe (Chrono Boost), Zealot  
  110  11:50  Probe (Chrono Boost)  
  114  11:57  Zealot, Pylon  
  114  12:00  Probe (Chrono Boost)  
  117  12:01  Zealot  
  117  12:03  Zealot  
  117  12:08  High Templar  
  123  12:16  Zealot  
  123  12:20  Stalker  
  123  12:21  Stalker  
  129  12:23  Archon  
  129  12:26  Immortal  
  133  12:34  Zealot, Pylon  
  133  12:37  Zealot  
  137  12:41  Zealot  
  137  12:43  Zealot  
  141  12:53  Zealot  
  141  12:55  Zealot  
  141  12:56  Pylon  
  145  12:59  Zealot  
  145  13:01  Stalker, Immortal  
  153  13:12  Zealot  
  155  13:13  Nexus  
  155  13:22  Pylon  
  148  13:27  Stalker  
  148  13:30  Probe (Chrono Boost)  
  148  13:31  Probe (Chrono Boost)  
  148  13:33  Probe (Chrono Boost)  
  146  13:36  Immortal  
  151  13:41  Probe (Chrono Boost)  
  151  13:58  Pylon  
  151  13:59  Stalker  
  153  14:03  Stalker  
  153  14:07  Stalker  
  157  14:11  Stalker, Immortal  
  163  14:20  Adept  
  163  14:24  Pylon  
  165  14:28  Probe x2 (Chrono Boost)  
  165  14:29  Probe x2 (Chrono Boost)  
  164  14:35  Sentry  
  164  14:36  Zealot  
  153  14:39  Probe (Chrono Boost)  
  153  14:40  Probe (Chrono Boost)  
  153  14:42  Probe x2 (Chrono Boost)  
  150  14:47  Stalker  
  150  14:49  Observer  
  150  14:50  Probe x2 (Chrono Boost)  
  150  14:51  Zealot  
  157  14:55  Zealot  
  157  14:56  Zealot  
  161  15:06  Warp Prism  
  163  15:15  Stalker  
  163  15:18  Stalker  
  167  15:21  Stalker  
  167  15:24  Stalker  
  171  15:33  Forge  
  167  15:36  Probe (Chrono Boost), Adept  
  167  15:38  Sentry, Probe (Chrono Boost)  
  167  15:39  Probe (Chrono Boost), Immortal  
  156  15:47  Probe (Chrono Boost)  
  156  15:49  Probe (Chrono Boost)  
  162  15:56  Protoss Ground Weapons Level 1  
  162  15:57  Nexus  
  162  15:59  Probe (Chrono Boost)  
  162  16:01  Probe (Chrono Boost)  
  164  16:04  Pylon  
  164  16:06  Probe (Chrono Boost)  
  164  16:10  Probe (Chrono Boost)  
  166  16:12  Probe (Chrono Boost)  
  166  16:17  Probe (Chrono Boost), Observer  
  168  16:21  Probe (Chrono Boost)  
  168  16:23  Probe (Chrono Boost)  
  171  16:28  Probe (Chrono Boost)  
  171  16:32  Probe (Chrono Boost)  
  173  16:34  Probe (Chrono Boost), Immortal  
  173  16:39  Probe (Chrono Boost)  
  179  16:44  Probe (Chrono Boost)  
  179  16:45  Probe (Chrono Boost)  
  181  16:50  Probe (Chrono Boost)  
  182  16:59  Forge  
  182  17:00  Pylon  
  176  17:01  Zealot  
  176  17:05  Zealot  
  166  17:09  Zealot  
  166  17:10  Immortal  
  166  17:12  Zealot  
  154  17:20  Zealot  
  144  17:23  High Templar  
  144  17:27  Zealot  
  140  17:30  High Templar  
  132  17:38  Sentry  
  126  17:45  Immortal  
  126  17:46  Stalker  
  126  17:53  Zealot  
  110  17:59  Zealot  
  110  18:00  Zealot  
  96  18:07  High Templar  
  96  18:11  Adept  
  90  18:17  High Templar  
  90  18:18  Zealot  
  92  18:20  Immortal  
  92  18:26  Photon Cannon  
  96  18:29  Stalker, Pylon  
  96  18:30  Archon  
  98  18:35  Stalker  
  98  18:36  Zealot  
  98  18:37  Pylon  
  102  18:44  Pylon  
  102  18:46  High Templar  
  104  18:49  Adept  
  104  18:52  Gateway  
  104  18:54  Sentry  
  108  18:55  Immortal  
  108  18:56  Zealot  
  108  18:59  Photon Cannon  
  114  19:07  Adept  
  116  19:14  Sentry, Zealot, Photon Cannon  
  116  19:15  Zealot  
  122  19:23  Photon Cannon  
  122  19:25  Stalker  
  122  19:28  Psionic Storm  
  122  19:29  Pylon  
  124  19:31  Immortal  
  124  19:32  Zealot  
  124  19:33  Stalker  
  124  19:34  Stalker  
  134  19:46  High Templar  
  134  19:50  Stalker x2  
  140  19:54  Zealot  
  140  19:55  Archon  
  140  19:57  High Templar  
  135  20:07  Immortal  
  135  20:12  Zealot x2, High Templar  
  98  20:16  Zealot  
  84  20:24  Nexus  
  34  20:30  High Templar  
  34  20:31  High Templar  
  34  20:34  High Templar  
  20  20:37  High Templar  
Tags
 
Composition
Lurkers
Matchup
PvZ
Replay Pack
First Pack
Add a new tag
Caveats
  • Supply blocks, unpowered buildings, or Contaminate may cause inaccurate times.
  • Supply counts are checked every 10 seconds.